Map: Taito Citadel LE

Players

HoldTheDoor - Winner!

  • Race: Protoss Protoss
  • League: Diamond
  • Spawn Location: 11:00

PangPang

  • Race: Zerg Zerg
  • League: Diamond
  • Spawn Location: 5:00

VOD

Have the link to the VOD?

Description

Time

  • Played on: May 7, 2026, 2:46 p.m.
  • Length: 6:36
Show
View Real Time Build Order
Export as new Build Order

HoldTheDoor Protoss - Winner!

Build Orders: 1 Gate Expand 

Get SALT Encoding   

  12  0:00  Probe  
  13  0:12  Probe  
  14  0:19  Pylon  
  14  0:24  Probe  
  15  0:33  Probe  
  15  0:39  Gateway  
  15  0:41  Probe  
  17  0:50  Assimilator  
  17  0:55  Probe  
  18  1:07  Probe  
  19  1:21  Probe  
  19  1:24  Forge  
  20  1:37  Nexus  
  20  1:41  Probe  
  21  1:52  Cybernetics Core  
  21  2:01  Photon Cannon  
  21  2:04  Probe  
  22  2:10  Pylon  
  22  2:17  Probe  
  23  2:26  Stalker  
  23  2:29  Probe  
  26  2:33  Warp Gate  
  26  2:37  Robotics Facility  
  26  2:41  Probe  
  27  2:50  Probe  
  28  2:53  Probe  
  29  3:02  Probe, Stalker  
  32  3:07  Probe  
  33  3:14  Probe  
  33  3:19  Probe  
  35  3:20  Warp Prism  
  35  3:26  Probe  
  38  3:35  Gateway  
  38  3:36  Gateway  
  38  3:41  Gateway  
  38  3:43  Gateway  
  38  3:55  Gateway  
  38  3:56  Gateway  
  38  4:01  Gateway  
  38  4:16  Pylon  
  38  4:33  Stalker x2  
  38  4:34  Stalker  
  38  4:37  Zealot  
  46  4:40  Zealot  
  48  4:52  Stalker x2  
  52  4:57  Stalker  
  54  5:15  Pylon  
  54  5:16  Pylon  
  54  5:17  Pylon  
  54  5:22  Pylon  
  54  5:35  Stalker x2  
  58  5:36  Zealot  
  58  5:37  Zealot x5  
  62  5:58  Zealot x4  
  62  5:59  Zealot x4  
  64  6:21  Zealot  
  64  6:22  Zealot x6  
Show
View Real Time Build Order
Export as new Build Order

PangPang Zerg 

Build Orders: Hatch First 

Get SALT Encoding   

  12  0:00  Drone  
  13  0:07  Drone  
  14  0:16  Overlord  
  14  0:38  Hatchery  
  14  0:42  Drone  
  14  1:04  Spawning Pool  
  14  1:05  Drone  
  14  1:06  Drone  
  14  1:10  Extractor  
  14  1:13  Drone  
  15  1:18  Drone  
  16  1:30  Drone  
  17  1:38  Drone  
  18  1:48  Drone  
  18  1:51  Queen  
  18  1:53  Queen  
  23  1:57  Drone  
  23  2:01  Drone  
  25  2:04  Drone  
  26  2:10  Overlord  
  26  2:17  Drone  
  26  2:21  Drone  
  28  2:31  Drone  
  28  2:35  Drone x2  
  31  2:40  Metabolic Boost  
  31  2:42  Drone  
  32  2:49  Hatchery  
  32  2:51  Zergling x2  
  32  2:56  Drone x2  
  34  3:02  Drone  
  34  3:03  Drone  
  36  3:08  Overlord  
  36  3:09  Overlord  
  36  3:15  Lair  
  36  3:20  Overlord  
  36  3:28  Drone x4  
  36  3:32  Drone x2  
  42  3:38  Spore Crawler  
  42  3:40  Spore Crawler  
  40  3:42  Drone x2  
  40  3:47  Overlord  
  40  3:48  Drone  
  43  3:49  Drone  
  43  3:51  Extractor  
  43  3:57  Drone x3  
  46  4:03  Extractor  
  46  4:09  Evolution Chamber  
  44  4:11  Queen  
  44  4:14  Hydralisk Den  
  45  4:17  Drone x3  
  45  4:18  Drone  
  49  4:24  Drone  
  49  4:25  Drone x3  
  49  4:29  Baneling Nest  
  53  4:31  Drone  
  53  4:34  Drone  
  53  4:36  Spore Crawler  
  53  4:40  Drone  
  54  4:47  Muscular Augments  
  54  4:53  Overseer  
  54  4:54  Hydralisk x3  
  54  4:59  Hydralisk  
  62  5:04  Overlord x2  
  62  5:07  Overlord x2  
  61  5:17  Spine Crawler  
  61  5:19  Spine Crawler  
  61  5:20  Overlord  
  59  5:27  Extractor  
  58  5:29  Hydralisk x3  
  64  5:42  Hydralisk x3  
  59  5:57  Hydralisk x3  
  59  5:59  Hydralisk  
Tags
 
Add a new tag
Caveats
  • Supply blocks, unpowered buildings, or Contaminate may cause inaccurate times.
  • Supply counts are checked every 10 seconds.